 Dungeon Crawl Stone Soup version 0.22-a0-443-g17c3723 (webtiles) character file.

56 4thArraOfDagon the Chopper (level 3, 0/34 HPs)
             Began as a Deep Dwarf Berserker on May 31, 2018.
             Was a Follower of Trog.
             Slain by a worker ant (3 damage)
             ... on level 2 of the Dungeon.
             The game lasted 00:00:37 (87 turns).

4thArraOfDagon the Chopper (Deep Dwarf Berserker)     Turns: 87, Time: 00:00:37

Health: 0/34       AC:  2    Str: 21    XL:     3   Next: 71%
Magic:  3/3        EV: 12    Int:  7    God:    Trog [*.....]
Gold:   0          SH:  0    Dex: 12    Spells: 2/2 levels left

rFire    . . .     SeeInvis .   a - +0 hand axe
rCold    . . .     Gourm    .   (no shield)
rNeg     . . .     Faith    .   b - +0 animal skin
rPois    .         Spirit   .   (no helmet)
rElec    .         Reflect  .   (no cloak)
rCorr    .         Harm     .   (no gloves)
MR       .....                  (no boots)
Stlth    +.........             (no amulet)
HPRegen  0.00/turn              (no ring)
MPRegen  0.08/turn              (no ring)

@: berserk cooldown, non-regenerating, slowed, very slow
A: damage resistance, heal wounds, sense surroundings 1, no regeneration
a: Heal Wounds, Berserk, Renounce Religion


You were on level 2 of the Dungeon.
You worshipped Trog.
Trog was aware of your devotion.
You were not hungry.

You visited 1 branch of the dungeon, and saw 2 of its levels.

Inventory:

Hand Weapons
 a - a +0 hand axe (weapon)
Armour
 b - a +0 animal skin (worn)
Scrolls
 d - a scroll of identify {unknown}
Comestibles
 c - a ration


   Skills:
 + Level 3.3 Fighting
 * Level 4.6 Axes
 - Level 2.1 Armour
 - Level 2.1 Dodging


You had 2 spell levels left.
You didn't know any spells.
Your spell library was empty.

Dungeon Overview and Level Annotations

Branches:
Dungeon (2/15)

Altars:


Innate Abilities, Weirdness & Mutations

You are resistant to damage.
You can heal yourself by infusing magical energy.
You passively map a small area around you.
You do not regenerate.


Message History

You slash the gnoll!
You kill the gnoll!
Trog accepts your kill.
Unknown command.
A bat comes into view.
Items here: ) ††† a dagger; a jackal corpse x2; a goblin corpse Unknown command.
You feel a strong urge to attack something.
Unknown command.
You barely miss the worker ant. You hit the bat.
You are no longer berserk.
You are exhausted.
You feel yourself slow down. The bat barely misses you.
The worker ant bites you.
* * * LOW HITPOINT WARNING * * *
Unknown command.
You barely miss the worker ant. You closely miss the bat.
The bat closely misses you. The worker ant bites you.
You die...

,
...............#######
, #.#.#.#.#.#.#.## *
,..............# , *
*, #
#.#.#.#.#.#.#..... ,
.. #......(.####.### *
, ...##..))........# *
......))(.....#..# ,
####..†)†...#.#,,#
#..?..@b..##.#* ,
......a...## .. , *
...[.........*.. *
.....(..(........
..........#.... ,
##........#..## ,
#........# ..# ,
#......... .. * , ,,
*,


You could see a worker ant and a bat.

Vanquished Creatures
  2 gnolls (D:2)
  An adder (D:2)
  2 worms (D:2)
  A leopard gecko (D:1)
  4 bats (D:2)
  4 goblins (D:2)
  A hobgoblin (D:2)
  4 jackals (D:2)
  2 kobolds (D:2)
  A frilled lizard (D:2)
22 creatures vanquished.

Notes
Turn   | Place    | Note
-------+----------+-------------------------------------------
     0 | D:1      | 4thArraOfDagon the Deep Dwarf Berserker began the quest for the Orb.
     0 | D:1      | Reached XP level 1. HP: 20/20 MP: 1/1
    67 | D:2      | Reached XP level 2. HP: 27/27 MP: 2/2
    68 | D:2      | Reached skill level 4 in Axes
    79 | D:2      | Reached XP level 3. HP: 7/34 MP: 3/3
    87 | D:2      | Slain by a worker ant

Vault maps used:
D:1:      dpeg_arrival_simpleton_b
D:2:      old_standard_altar, old_standard_altar,
          nicolae_overflow_crystal_walls, minmay_misc_feat_tiny, st_stairs_11

Skill      XL: |  1  2 |
---------------+-------+-----
Fighting       | 3 |  3.3
Axes           | 4 |  4.6
Armour         | |  2.1
Dodging        | |  2.1

Action                   || total
-------------------------++-------
Melee: Hand axe          ||    27
Invok: Berserk           ||     1
Armor: Animal skin       ||    15
Dodge: Dodged            ||    44

Table legend:
 A = Spawn XP
 B = Non-spawn XP
 C = Spawn XP percentage of total XP
 D = Spawn monster count
 E = Non-spawn monster count
 F = Spawn count percentage of total count
 G = Total turns spent on level
                    A         B        C        D         E        F      G
               +---------+---------+-------+---------+---------+-------+---------
         Total |       0 |      81 |   0.0 |       0 |      22 |   0.0 |    87
               +---------+---------+-------+---------+---------+-------+---------
           D:1 |       0 |       3 |   0.0 |       0 |       1 |   0.0 |    57
           D:2 |       0 |      78 |   0.0 |       0 |      21 |   0.0 |    30
               +---------+---------+-------+---------+---------+-------+---------
